 Seeded DCSS version 0.28.0-62-gf88900778d (webtiles) character file.

Game seed: 13591998346360536447 (custom seed)

1 Psyclone the Conjurer (level 1, 11/11 HPs)
             Began as an Octopode Conjurer on Oct 22, 2023.
             Quit the game on level 1 of the Dungeon.
             The game lasted 00:00:05 (90 turns).

Psyclone the Conjurer (Octopode Conjurer)             Turns: 90, Time: 00:00:05

Health: 11/11      AC:  1    Str:  6    XL:     1   Next: 20%
Magic:  3/3        EV: 13    Int: 20    God:
Gold:   0          SH:  0    Dex: 10    Spells: 3/4 levels left

rFire   . . .      SeeInvis .   (no weapon)
rCold   . . .      Faith    .   (no shield)
rNeg    . . .      Spirit   .   (helmet restricted)
rPois   .          Reflect  .   (no amulet)
rElec   .          Harm     .   (no ring)
rCorr   .          Rampage  .   (no ring)
Will    .....                   (no ring)
Stlth   +++.......              (no ring)
HPRegen 0.03/turn               (no ring)
MPRegen 0.08/turn               (no ring)
                                (no ring)
                                (no ring)

@: no status effects
A: almost no armour, amphibious, 8 rings, camouflage 1, gelatinous body 1,
(nimble swimmer 1), tentacles
a: no special abilities


You were on level 1 of the Dungeon.
You visited 1 branch of the dungeon, and saw 1 of its levels.

You aren't carrying anything.


   Skills:
 + Level 2.0 Dodging
 + Level 2.7 Stealth
 + Level 2.0 Spellcasting
 + Level 4.0 Conjurations


You had 3 spell levels left.
You knew the following spells:

 Your Spells              Type           Power      Damage    Failure   Level
a - Magic Dart            Conj           72%        1d6       3%          1

Your spell library contained the following spells:

 Spells                   Type           Power      Damage    Failure   Level
 Searing Ray              Conj           36%        2d5       4%          2
 Dazzling Flash           Conj/Hex       20%        N/A       21%         3
 Fulminant Prism          Conj/Hex       5%         3d7       56%         4
 Iskenderun's Mystic Bla  Conj/Tloc      10%        2d4       56%         4


Dungeon Overview and Level Annotations

Branches:
Dungeon (1/15)

Altars:


Innate Abilities, Weirdness & Mutations

You cannot wear most types of armour.
You are amphibious.
You can wear up to eight rings at the same time.
Your skin changes colour to match your surroundings (Stealth+).
Your rubbery body absorbs attacks. (AC +1, EV +1)
((You are camouflaged when in or above water. (Stealth+)))
You have tentacles for arms and can constrict up to eight enemies at once.


Message History

Found a leather armour.
You tentacle-slap the fungus but do no damage.
You grab the fungus. You constrict the fungus.
The fungus begins to die.
You tentacle-slap the fungus. x2
The fungus is lightly damaged.
You constrict the fungus, but do no damage.
You release your grip on the fungus.
Found 17 arrows.
A nearby fungus withers and dies.
A kobold comes into view. It is wielding a +0 dagger.
You tentacle-slap the plant.
The plant begins to die.
You grab the plant.
The plant is lightly damaged.
You constrict the plant.
You release your grip on the plant.
A nearby plant withers and dies.
Casting: Magic Dart (safe; 3% risk of failure)
Confirm with . or Enter, or press ? or * to list all spells.
You can't see any susceptible monsters within range! (Use Z to cast anyway.)
You barely miss the kobold. Your grab misses the kobold.
You squeeze the kobold.
The kobold is severely wounded.
The kobold misses you.
You closely miss the kobold. Your grab misses the kobold.
Your squeeze misses the kobold.
The kobold is severely wounded.
The kobold misses you.
There are no items here.
You aren't carrying any wearable armour.
Unknown command.
Casting: Magic Dart (safe; 3% risk of failure)
Confirm with . or Enter, or press ? or * to list all spells.
Aiming: Magic Dart (safe; 3% risk of failure)
Press: ? - help, Shift-Dir - straight line, f - kobold
Aim: a kobold, wielding a +0 dagger (severely wounded, 100% to hit)
The magic dart hits the kobold.
You kill the kobold!
You now have 2/3 mp.
MP restored: 3 Unknown command.
Unknown command.
Are you sure you want to abandon this character and quit the game? (Confirm with "yes".)

###########
...........
##P....♣.♣.#
##.P........♣##
#.P..P♣.....P.##
♣♣..♣..P...♣.P.#
#♣..P.P...P....♣#
#..P...........@#
#............P..#
#.P.....<.....)♣##
#....P.....P.....#
#..P.........♣......
[..♣.♣.P...P.....K...
.....♣P..P.....P.....
#..♣.P....♣.♣........
##.........♣.....#...


There were no monsters in sight!

Vanquished Creatures
  A kobold (D:1)
1 creature vanquished.

Vanquished Creatures (others)
  2 fungi (D:1)
  A plant (D:1)
3 creatures vanquished.

Grand Total: 4 creatures vanquished

Notes
Turn   | Place    | Note
-------+----------+-------------------------------------------
     0 | D:1      | Psyclone the Octopode Conjurer began the quest for the Orb.
     0 | D:1      | Reached XP level 1. HP: 11/11 MP: 3/3
    90 | D:1      | Quit the game

Illustrated notes

Levels and vault maps discovered:
D:1:      wander_arrival_fairy_ring, layout_basic, chequers_serial_rivers_room_a

Action                   || total
-------------------------++-------
Melee: Unarmed           ||     6
       Constrict         ||     3
       Punch             ||     1
       Tentacles         ||     1
 Cast: Magic Dart        ||     1
Dodge: Dodged            ||     2
